 Dungeon Crawl Stone Soup version 0.19.5 (webtiles) character file.

225 ghjk the Chopper (level 5, 0/47 HPs)
             Began as a Minotaur Fighter on Apr 17, 2017.
             Succumbed to an orc's poison
             ... on level 3 of the Dungeon.
             The game lasted 00:06:01 (2173 turns).

ghjk the Chopper (Minotaur Fighter)                 Turns: 2173, Time: 00:06:02

Health: 0/47       AC:  9    Str: 21    XL:     5   Next: 68%
Magic:  4/4        EV:  6    Int:  5    God:
Gold:   100        SH:  9    Dex: 10    Spells: 0 memorised, 4 levels left

rFire  . . .     SeeInvis .     a - +0 war axe
rCold  . . .     Gourm    .     h - +0 chain mail
rNeg   . . .     Faith    .     c - +0 shield
rPois  .         Spirit   .     (helmet restricted)
rElec  .         Reflect  .     (no cloak)
rCorr  .         Harm     .     (no gloves)
MR     .....                    (no boots)
Stlth  ..........               (no amulet)
                                (no ring)
                                (no ring)

@: lethally poisoned (0 -> -11), about to teleport
A: retaliatory headbutt, horns 2
a: no special abilities


You were on level 3 of the Dungeon.
You were not hungry.

You visited 1 branch of the dungeon, and saw 3 of its levels.

You collected 100 gold pieces.

Inventory:

Hand Weapons
 a - a +0 war axe (weapon)
Armour
 b - a +1 scale mail
 c - a +0 shield (worn)
 h - a +0 chain mail (worn)
Wands
 k - a wand of iceblast (7/15)
Scrolls
 e - a scroll of identify
Potions
 d - a potion of might
 g - a potion of invisibility
 j - a potion of brilliance
 o - a potion of agility
Comestibles
 f - 2 bread rations
 l - a meat ration


   Skills:
 + Level 4.6 Fighting
 + Level 4.8 Axes
 + Level 4.6 Armour
 + Level 0.9 Dodging
 + Level 0.6 Stealth
 + Level 4.4 Shields


You had 4 spell levels left.
You didn't know any spells.

Dungeon Overview and Level Annotations

Branches:
Dungeon (3/15)

Altars:

Annotations:
D:3 Sigmund


Innate Abilities, Weirdness & Mutations

You reflexively headbutt those who attack you in melee.
You have a pair of horns on your head.


Message History

* * * LOW HITPOINT WARNING * * *
You feel sick. You block the orc's attack.
Unknown command.
You slash the orc! You headbutt the orc.
You kill the orc!
* * * LOW HITPOINT WARNING * * *
You feel sick.
Okay, then.
There is a lethal amount of poison in your body!
There is a lethal amount of poison in your body!
* * * LOW HITPOINT WARNING * * *
You feel sick.
Items here: ( ))))))) [[[ ††
Okay, then.
You aren't carrying any pieces of jewellery.
Unknown command.
Okay, then.
As you read the scroll of teleportation, it crumbles to dust.
You feel strangely unstable.
You die...

#...........#.###########.
#...........#.# #.
#.............###########.
#####.........#.........#.
####.#....#......(..#'
#)#................
#(####.#........... ..
#()# #.#........... ....
##@###.#...........
.....###.....#...........
.............#..........)
.............#....(((..##
.............#....(....#
.............#.........#
.........#...#.........#
..........#..###########
..........#g>..


There were no monsters in sight!

Vanquished Creatures
  An orc priest (D:3)
  Robin (D:3)
  5 gnolls
  3 adders (D:2)
  2 oozes
  3 worms
  8 orcs (D:3)
  A bat zombie (D:1)
  14 hobgoblins
  6 jackals
  2 quokkas (D:2)
  2 ball pythons
  5 bats
  5 frilled lizards
  A giant cockroach zombie (D:1)
  11 goblins
  12 kobolds
  6 rats
88 creatures vanquished.

Notes
Turn   | Place    | Note
-------+----------+-------------------------------------------
     0 | D:1      | ghjk the Minotaur Fighter began the quest for the Orb.
     0 | D:1      | Reached XP level 1. HP: 19/19 MP: 0/0
   253 | D:1      | Reached XP level 2. HP: 11/27 MP: 1/1
   789 | D:1      | Reached XP level 3. HP: 33/33 MP: 2/2
  1264 | D:2      | Reached XP level 4. HP: 35/40 MP: 3/3
  1592 | D:3      | Noticed Sigmund
  1654 | D:3      | Reached XP level 5. HP: 43/47 MP: 4/4
  2126 | D:3      | Noticed Robin
  2141 | D:3      | Killed Robin
  2171 | D:3      | HP: 2/47 [poisoned by an orc]
  2173 | D:3      | Succumbed to an orc's poison

Skill      XL: |  1  2  3  4 |
---------------+-------------+-----
Armour         | 4 |  4.6
Fighting       | 4 |  4.6
Axes           | 3 4 |  4.8
Shields        | 4 |  4.4
Dodging        | |  0.9
Stealth        | |  0.6

Action                   |  1- 3 |  4- 6 || total
-------------------------+-------+-------++-------
Melee: War axe           |    70 |   115 ||   185
       Headbutt          |     8 |    25 ||    33
  Use: Scroll            |       |     9 ||     9
  Eat: Chunk             |       |     3 ||     3
       Bread ration      |       |     1 ||     1
Armor: Scale mail        |    28 |    22 ||    50
       Chain mail        |       |    26 ||    26
Dodge: Dodged            |    15 |    19 ||    34
Block: Shield            |    27 |    58 ||    85
